 Dungeon Crawl Stone Soup version 0.29-a0-352-g0917bc69df (webtiles) character file.

Game seed: 3001590359724901269

350 avis the Ruffian (level 6, 0/56 HPs)
             Began as a Hill Orc Monk on Apr 25, 2022.
             Was a Believer of Beogh.
             Slain by an orc priest
             ... wielding a +0 hand axe
              (5 damage)
             ... on level 4 of the Dungeon.
             The game lasted 00:11:35 (3420 turns).

avis the Ruffian (Hill Orc Monk)                    Turns: 3420, Time: 00:11:36

Health: 0/56       AC:  9    Str: 16    XL:     6   Next: 60%
Magic:  7/7        EV:  7    Int: 10    God:    Beogh [**....]
Gold:   114        SH:  0    Dex: 13    Spells: 5/5 levels left

rFire   . . .      SeeInvis .     - Unarmed
rCold   . . .      Faith    .   (no shield)
rNeg    . . .      Spirit   .   n - +0 chain mail
rPois   .          Reflect  .   (no helmet)
rElec   .          Harm     .   v - +0 cloak
rCorr   .          Rampage  .   (no gloves)
Will    .....                   (no boots)
Stlth   ..........              (no amulet)
HPRegen 0.18/turn               (no ring)
MPRegen 0.10/turn               (no ring)

@: no status effects
A: no striking features
a: Renounce Religion, Smiting


You were on level 4 of the Dungeon.
You worshipped Beogh.
Beogh was pleased with you.
You visited 1 branch of the dungeon, and saw 4 of its levels.

You collected 114 gold pieces.

Inventory:

Hand Weapons
 b - a +0 hunting sling
 q - a +0 trident
 w - a +0 falchion of holy wrath
 x - a +0 mace of protection
Missiles
 d - 149 stones (quivered)
Armour
 a - a +0 robe
 h - a +0 leather armour
 n - a +0 chain mail (worn)
 p - a +0 chain mail
 r - an orb of guile
 v - a +0 cloak (worn)
Jewellery
 g - a ring of flight
Scrolls
 c - a scroll of amnesia {unknown}
 e - 2 scrolls of teleportation
 i - 2 scrolls of torment {unknown}
 o - 2 scrolls of enchant armour {unknown}
 s - a scroll of vulnerability {unknown}
 u - a scroll of identify {unknown}
Potions
 f - 2 potions of flight {unknown}
 j - a potion of degeneration {unknown}
 k - a potion of attraction {unknown}
 l - 3 potions of curing {unknown}
 m - a potion of ambrosia
 t - a potion of invisibility {unknown}


   Skills:
 + Level 5.5 Fighting
 - Level 2.4 Dodging
 - Level 1.5 Stealth
 * Level 6.4 Unarmed Combat
 + Level 2.4 Invocations


You had 5 spell levels left.
You didn't know any spells.
Your spell library contained the following spells:

 Spells                   Type           Power      Damage    Failure   Level
 Corpse Rot               Necr/Air       0%         N/A       100%        2
 Static Discharge         Conj/Air       0%         N/A       100%        2
 Dispel Undead            Necr           0%         3d6       100%        4
 Hailstorm                Conj/Ice       0%         3d3       100%        4
 Death Channel            Necr           0%         N/A       100%        6
 Iron Shot                Conj/Erth      0%         9d1       100%        6


Dungeon Overview and Level Annotations

Branches:
Dungeon (4/15)
 Temple: D:4-7

Altars:

Annotations:
D:2 1 runed translucent door, exclusion: door


Message History

You hear the slow hiss of an avalanche of sand.
You completely miss the orc.
The orc is moderately wounded.
The orc hits you but does no damage.
You closely miss the orc.
The orc is moderately wounded.
The orc completely misses you.
You hit the orc but do no damage.
The orc is moderately wounded.
The orc closely misses you.
You barely miss the orc.
The orc is moderately wounded.
The orc hits you with a +0 mace.
* * * LOW HITPOINT WARNING * * *
You hit the orc.
The orc is heavily wounded.
The orc hits you but does no damage.
You hit the orc.
You kill the orc!
Beogh accepts your kill.
You punch the dart slug!
You kill the dart slug!
Beogh accepts your kill.
You punch the orc!
You kill the orc!
Beogh accepts your kill.
Items here: ))))))) [[ †††††.
x - a +0 mace of protection You see here 2 stones.
You barely miss the orc priest.
The orc priest invokes the aid of Beogh against you.
Beogh smites you!
* * * LOW HITPOINT WARNING * * *
Okay, then.
You punch the orc priest!
The orc priest is heavily wounded.
An orc comes into view. It is wielding a +0 club.
The orc priest hits you with a +0 hand axe.
You die...
Beogh appreciates the orc priest's killing of a heretic priest.

#.......# #
##.....<.#.#.#
#...........#
#.......##.##
#..#...## # #.###.##
#.##........#
########)###.####..#
.oo....#@######
#Ko........
###..#..##. o.#:...#
.##.....: .. ......
.# ..... #. ....


You could see an orc priest, an orc (wandering) and a kobold.

Vanquished Creatures
  A sky beast (D:4)
  An ogre (D:3)
  A scorpion (D:4)
  3 adders
  A worm (D:3)
  4 dart slugs
  7 orcs
  3 ball pythons
  4 bats
  5 endoplasms
  4 giant cockroaches
  4 goblins
  6 hobgoblins
  3 jackals (D:1)
  A quokka (D:1)
  7 frilled lizards
  4 kobolds
  5 rats
64 creatures vanquished.

Vanquished Creatures (others)
  4 orcs (D:3)
4 creatures vanquished.

Grand Total: 68 creatures vanquished

Notes
Turn   | Place    | Note
-------+----------+-------------------------------------------
     0 | D:1      | avis the Hill Orc Monk began the quest for the Orb.
     0 | D:1      | Reached XP level 1. HP: 19/19 MP: 1/1
    87 | D:1      | Reached XP level 2. HP: 17/27 MP: 2/2
   443 | D:1      | Reached skill level 4 in Unarmed Combat
   727 | D:1      | Found a faded altar of an unknown god.
   746 | D:1      | Reached XP level 3. HP: 22/33 MP: 3/3
  1263 | D:2      | Got the Handbook of Conjuration
  2010 | D:2      | Found a runed translucent door.
  2231 | D:3      | Noticed an ogre
  2244 | D:3      | Killed an ogre
  2245 | D:3      | Reached skill level 5 in Unarmed Combat
  2245 | D:3      | Reached XP level 4. HP: 28/41 MP: 4/4
  2245 | D:3      | Reached XP level 5. HP: 33/47 MP: 5/5
  2483 | D:3      | Reached skill level 5 in Fighting
  2525 | D:3      | Became a worshipper of Beogh the Brigand
  2525 | D:3      | Reached * piety under Beogh
  2525 | D:3      | Reached ** piety under Beogh
  3343 | D:4      | Noticed a sky beast
  3386 | D:4      | Killed a sky beast
  3387 | D:4      | Reached skill level 6 in Unarmed Combat
  3387 | D:4      | Reached skill level 1 in Invocations
  3387 | D:4      | Reached XP level 6. HP: 33/56 MP: 5/7
  3420 | D:4      | Slain by an orc priest

Illustrated notes

Levels and vault maps discovered:
D:1:      minmay_arrival_semitransparent, layout_basic,
          hellmonk_ecumenical_altar_run_dry
D:2:      layout_loops_ring, uniq_crazy_yiuf_cottage
D:3:      cheibrodos_pilgrimage, layout_basic
D:4:      layout_loops_ring, nicolae_ossuary_entry_catacombs, corner_web_ring,
          grunt_ministairs_14, kennysheep_nondescript, chequers_big_river,
          corexii_shack, minmay_manual_moon

Skill      XL: |  1  2  3  4  5  6 |
---------------+-------------------+-----
Fighting       | 4 5 |  5.5
Unarmed Combat | 4 5 6 |  6.4
Invocations    | 1 2 |  2.4
Dodging        | |  2.4
Stealth        | |  1.5

Action                   |  1- 3 |  4- 6 || total
-------------------------+-------+-------++-------
Melee: Unarmed           |   149 |    86 ||   235
       Punch             |     4 |     1 ||     5
 Fire: Hunting sling     |    16 |    31 ||    47
Throw: Stone             |       |     2 ||     2
Invok: Convert to Beogh  |       |     1 ||     1
  Use: Scroll            |       |     1 ||     1
 Stab: Sleeping          |     2 |       ||     2
Armor: Robe              |     7 |       ||     7
       Leather armour    |    22 |     2 ||    24
       Chain mail        |       |    42 ||    42
Dodge: Dodged            |    96 |    26 ||   122

Table legend: (Time is in decaauts)
 A = Elapsed time spent in this place.
 B = Non-inter-level travel time spent in this place.
 C = Inter-level travel time spent in this place.
 D = Time resting spent in this place.
 E = Time spent auto-exploring this place.
 F = Levels seen in this place.
 G = Mean time per level.
                   A        B        C        D        E       F      G
               +--------+--------+--------+--------+--------+-----+--------+
         Total |   3429 |   3115 |    314 |    601 |   1765 |   4 |  857.2 |
       Dungeon |   3429 |   3115 |    314 |    601 |   1765 |   4 |  857.2 |
               +--------+--------+--------+--------+--------+-----+--------+

Top non-repeatable levels by time:
     D:1: 1258 daAuts
     D:3: 1149 daAuts
     D:2: 938 daAuts
     D:4: 83 daAuts
